 Dungeon Crawl Stone Soup version 0.30.0 (webtiles) character file.

Game seed: 16230836218673004883

4 edsrzf the Magician (level 1, -1/11 HPs)
             Began as a Deep Elf Transmuter on May 21, 2023.
             Slain by a hobgoblin (3 damage)
             ... on level 1 of the Dungeon.
             The game lasted 00:00:21 (46 turns).

edsrzf the Magician (Deep Elf Transmuter)             Turns: 46, Time: 00:00:21

Health: -1/11      AC:  2    Str:  7    XL:     1   Next: 58%
Magic:  6/6        EV: 12    Int: 17    God:
Gold:   0          SH:  0    Dex: 15    Spells: 5/6 levels left

rFire   . .          .
                       - Unarmed
rCold   . . .        (no shield)
rNeg    . . .        a - +0 robe
rPois   .            (helmet currently unavailable)
rElec   .            (no cloak)
rCorr   .            (no gloves)
SInv    .            (boots currently unavailable)
Will    .....        (no amulet)
Stlth   +            (no ring)
HPRegen 0.21/turn    (no ring)
MPRegen 0.10/turn

%: no passive effects
@: appendages (expiring)
A: horns 2, talons 2
a: End Transformation


You were on level 1 of the Dungeon.
You had temporarily grown beastly horns and talons.
You visited 1 branch of the dungeon, and saw 1 of its levels.

Inventory:

Armour
 a - a +0 robe (worn)
Potions
 b - a potion of lignification


   Skills:
 - Level 0.7 Fighting
 - Level 2.4 Dodging
 + Level 2.5 Unarmed Combat
 - Level 3.0 Spellcasting
 + Level 2.4 Transmutations


You had 5 spell levels left.
You knew the following spells:

 Your Spells              Type           Power      Damage    Failure   Level
a - Beastly Appendage     Tmut           20%        N/A       6%          1

Your spell library contained the following spells:

 Spells                   Type           Power      Damage    Failure   Level
 Wereblood                Tmut           10%        N/A       10%         2
 Spider Form              Tmut/Pois      6%         N/A       32%         3
 Ice Form                 Ice/Tmut       6%         N/A       71%         4


Dungeon Overview and Level Annotations

Branches:
Dungeon (1/15)

Altars:


Innate Abilities, Weirdness & Mutations

You have temporarily grown beastly horns and talons.


Message History

Welcome, edsrzf the Deep Elf Transmuter.
They say the Orb of Zot lies within this dungeon, but they say a lot of things.
Press ? for a list of commands and other information.
Found a staircase leading out of the dungeon.
Autoexplore enabled for D:1 As you open the door, it creaks loudly!
You hear an angry hiss.
There is an open door here.
A frilled lizard comes into view.
The frilled lizard hisses angrily.
Casting: Beastly Appendage (safe; 7% risk of failure)
Confirm with . or Enter, or press ? or * to list all spells.
You grow a pair of large bovine horns.
Your feet morph into talons.
You barely miss the frilled lizard. Your kick misses the frilled lizard.
The frilled lizard barely misses you.
You hit the frilled lizard.
You kill the frilled lizard!
A ball python comes into view.
A ball python is nearby!
An endoplasm comes into view.
The endoplasm quivers.
The helpless ball python fails to defend itself.
You hit the ball python.
The ball python is moderately wounded.
The ball python bites you. The ball python completely misses you.
You closely miss the ball python. Your kick misses the ball python.
The ball python is moderately wounded.
Your transformation is almost over.
The ball python closely misses you. The ball python grabs you.
The ball python constricts you.
You hit the ball python.
You kill the ball python!
The endoplasm barely misses you.
You hit the endoplasm. You headbutt the endoplasm.
You kill the endoplasm!
A ball python comes into view.
Found 6 stones.
The ball python hisses angrily.
Found 4 stones.
Casting: Beastly Appendage (safe; 7% risk of failure)
Confirm with . or Enter, or press ? or * to list all spells.
You extend your transformation's duration.
The ball python bites you. The ball python closely misses you.
You barely miss the ball python. Your headbutt misses the ball python.
The ball python completely misses you. The ball python grabs you.
The ball python constricts you.
You hit the ball python.
You kill the ball python!
HP restored.
Magic restored.
A hobgoblin comes into view.
Unknown command.
The hobgoblin shouts!
A ball python comes into view.
Found 13 gold pieces.
You hit the hobgoblin.
The hobgoblin is severely wounded.
The hobgoblin hits you.
You closely miss the hobgoblin. Your kick misses the hobgoblin.
The hobgoblin is severely wounded.
The hobgoblin hits you. The ball python bites you. The ball python grabs you.
The ball python constricts you.
You hit the ball python but do no damage.
Your kick misses the ball python. You headbutt the ball python.
You kill the ball python!
Your transformation is almost over.
The hobgoblin barely misses you.
You hit the hobgoblin.
The hobgoblin is almost dead.
The hobgoblin closely misses you.
You hit the hobgoblin but do no damage. Your kick misses the hobgoblin.
The hobgoblin is almost dead.
The hobgoblin hits you.
You closely miss the hobgoblin. Your kick misses the hobgoblin.
The hobgoblin is almost dead.
The hobgoblin hits you.
* * * LOW HITPOINT WARNING * * *
You closely miss the hobgoblin.
You headbutt the hobgoblin, but do no damage.
The hobgoblin is almost dead.
The hobgoblin hits you.
You die...

................
...$.................
#..................##
#..(...........#.#.#
#................#.#
####..............###.#
......................#
####..............#####
......g@...............
####.....(........#####
#..............#
#..............#
#................#
#................#
#....#........####
#....#........#
#....#........#


You could see a hobgoblin.

Vanquished Creatures
  3 ball pythons (D:1)
  An endoplasm (D:1)
  A frilled lizard (D:1)
5 creatures vanquished.

Notes
Turn   | Place    | Note
-------+----------+-------------------------------------------
     0 | D:1      | edsrzf the Deep Elf Transmuter began the quest for the Orb.
     0 | D:1      | Reached XP level 1. HP: 11/11 MP: 6/6
    46 | D:1      | Slain by a hobgoblin

Illustrated notes

Levels and vault maps discovered:
D:1:      dpeg_arrival_rooms_a, layout_basic

Action                     || total
---------------------------++-------
  Melee: Unarmed           ||    15
         Headbutt          ||     3
   Cast: Beastly Appendage ||     2
   Stab: Sleeping          ||     1
  Dodge: Dodged            ||     8
